 Dungeon Crawl Stone Soup version 0.25.1-8-g42b30a86e7 (webtiles) character file.

Game seed: 601877169572943415

1016 Clowwww the Chopper (level 8, 0/61 HPs)
             Began as a Demonspawn Fighter on Dec 23, 2020.
             Slain by a wight
             ... wielding a +7 great sword
              (9 damage)
             ... on level 6 of the Dungeon.
             The game lasted 00:11:05 (5275 turns).

Clowwww the Chopper (Demonspawn Fighter)            Turns: 5275, Time: 00:11:06

Health: 0/61       AC: 10    Str: 18    XL:     8   Next: 1%
Magic:  0/8        EV:  8    Int:  9    God:
Gold:   266        SH:  9    Dex: 14    Spells: 7/7 levels left

rFire    . . .     SeeInvis .   a - +0 war axe
rCold    + . .     Gourm    .   c - +0 kite shield
rNeg     . . .     Faith    .   b - +0 scale mail
rPois    .         Spirit   +   (no helmet)
rElec    .         Reflect  .   (no cloak)
rCorr    .         Harm     .   (no gloves)
MR       .....                  (no boots)
Stlth    +.........             (no amulet)
HPRegen  0.20/turn              l - ring of stealth
MPRegen  0.11/turn              (no ring)

@: mighty, lightly drained
A: slimy green scales 2, cold resistance 1, magic shield
a: no special abilities


You were on level 6 of the Dungeon.
You were not hungry.

You visited 1 branch of the dungeon, and saw 6 of its levels.

You collected 266 gold pieces.

Inventory:

Hand Weapons
 a - a +0 war axe (weapon)
Armour
 b - a +0 scale mail (worn)
 c - a +0 kite shield (worn)
Jewellery
 l - a ring of stealth (left hand)
Wands
 n - a wand of random effects (9)
Scrolls
 e - a scroll of random uselessness {unknown}
 g - a scroll of magic mapping
 j - a scroll of remove curse
 k - 2 scrolls of identify
 o - a scroll of enchant weapon {unknown}
 p - a scroll of amnesia
Potions
 h - 2 potions of magic
 m - a potion of haste {unknown}
Comestibles
 f - 7 rations
 i - 3 chunks of flesh


   Skills:
 + Level 4.6(4.1) Fighting
 + Level 5.5(5.0) Axes
 + Level 1.4(0.9) Throwing
 + Level 4.3(3.8) Armour
 + Level 2.0(1.5) Dodging
 + Level 0.6(0.1) Stealth
 + Level 4.0(3.5) Shields
 + Level 0.9(0.4) Evocations


You had 7 spell levels left.
You didn't know any spells.
Your spell library contained the following spells:

 Spells                   Type           Power        Failure   Level  Hunger
 Corona                   Hex            #......      99%         1    ##.....
 Slow                     Hex            #.......     100%        2    ###....
 Inner Flame              Hex/Fire       #.......     100%        3    ####...
 Portal Projectile        Hex/Tloc       #.....       100%        3    ####...
 Cause Fear               Hex            #.........   100%        4    #####..
 Leda's Liquefaction      Hex/Erth       #.........   100%        4    #####..


Dungeon Overview and Level Annotations

Branches:
Dungeon (6/15)             Temple (0/1) D:6

Altars:
Elyvilon
Nemelex Xobeh
Uskayaw
Wu Jian


Innate Abilities, Weirdness & Mutations

You are mostly covered in slimy green scales. (AC +3)
Your flesh is cold resistant. (rC+)
When hurt, damage is shared between your health and your magic reserves.


Message History

You hit the wight but do no damage.
The wight hits you with a +7 great sword!
You block the wight's attack.
Your shield prevents you from hitting the wight.
The wight is moderately damaged.
You hit the wight but do no damage.
The wight hits you with a +7 great sword!
* * * LOW HITPOINT WARNING * * *
The wight hits you with a cursed +0 mace.
* * * LOW HITPOINT WARNING * * *
Okay, then.
Okay, then.
Found a viscous dark potion and a potion of magic.
Press: ? - help, v - describe, . - travel The floor.
Found a staircase to the Ecumenical Temple.
Okay, then.
You feel very mighty all of a sudden.
The wight hits you with a +7 great sword!
You die...

.....> ...#.#. ......
#....#... . .....
##!..!..# .. ...#
.#.......# ... ..#
..#........ ..>.
..#####.#.......##......
.....##...##.....#..⌠...
....÷.#........z@.......
....)...........z#......
....)...#........##.##.#
#.......#......#......
.#...........)###......
.....#....##.###..###...
...#.##....#..##...###..
...#..#.......#......#.#
........................


You could see 2 wights.

Vanquished Creatures
  Eustachio (D:6)
  2 ogres (D:5)
  A centaur (D:6)
  A bullfrog (D:6)
  The ghost of Cazemata the Chopper, a weakling MiBe of Trog (D:3)
  A wight (D:6)
  3 crimson imps
  A hound (D:5)
  An orc priest (D:6)
  An iguana (D:3)
  2 orc wizards (D:6)
  2 worker ants
  A hound zombie (D:6)
  A worker ant zombie (D:6)
  A howler monkey skeleton (D:4)
  4 adders
  2 shadow imps
  An ooze (D:2)
  An adder skeleton (D:4)
  6 worms
  3 dart slugs
  4 leopard geckos
  16 orcs
  4 giant cockroaches
  5 goblins (D:1)
  4 hobgoblins
  4 jackals (D:1)
  6 kobolds
  A quokka (D:4)
  2 ball pythons
  3 bats
  5 frilled lizards
  7 rats
98 creatures vanquished.

Notes
Turn   | Place    | Note
-------+----------+-------------------------------------------
     0 | D:1      | Clowwww the Demonspawn Fighter began the quest for the Orb.
     0 | D:1      | Reached XP level 1. HP: 18/18 MP: 1/1
    92 | D:1      | Gained mutation: You are partially covered in slimy green
                  | scales. (AC +2) [demonic ancestry]
    92 | D:1      | Reached XP level 2. HP: 24/24 MP: 2/2
   104 | D:1      | Reached skill level 2 in Axes
   943 | D:2      | Gained mutation: You are mostly covered in slimy green
                  | scales. (AC +3) [demonic ancestry]
   943 | D:2      | Reached XP level 3. HP: 23/29 MP: 3/3
  1086 | D:2      | Reached skill level 1 in Dodging
  1508 | D:2      | Reached XP level 4. HP: 35/35 MP: 4/4
  1739 | D:3      | Found a runed translucent gate.
  1739 | D:3      | Found a runed translucent gate.
  1739 | D:3      | Found a runed translucent gate.
  1740 | D:3      | Noticed Cazemata's ghost (weakling MiBe)
  1754 | D:3      | Reached skill level 3 in Axes
  1760 | D:3      | Killed Cazemata's ghost
  1760 | D:3      | Reached XP level 5. HP: 41/41 MP: 5/5
  1976 | D:3      | Found a sparkling altar of Nemelex Xobeh.
  2168 | D:3      | Found a white marble altar of Elyvilon.
  3263 | D:5      | Entered Level 5 of the Dungeon
  3434 | D:5      | Reached skill level 4 in Axes
  3434 | D:5      | Gained mutation: Your flesh is cold resistant. (rC+)
                  | [demonic ancestry]
  3434 | D:5      | Reached XP level 6. HP: 48/48 MP: 6/6
  4001 | D:5      | Found an ornate altar of the Wu Jian Council.
  4136 | D:5      | Found a hide-covered altar of Uskayaw.
  4477 | D:6      | Gained mutation: When hurt, damage is shared between your
                  | health and your magic reserves. [demonic ancestry]
  4477 | D:6      | Reached XP level 7. HP: 48/53 MP: 7/7
  4503 | D:6      | Noticed Eustachio
  4549 | D:6      | Killed Eustachio
  4549 | D:6      | Reached skill level 1 in Throwing
  4838 | D:6      | Reached skill level 5 in Axes
  5268 | D:6      | Reached XP level 8. HP: 32/61 MP: 4/8
  5273 | D:6      | Found a staircase to the Ecumenical Temple.
  5275 | D:6      | Slain by a wight

Illustrated notes

Levels and vault maps discovered:
D:1:      shiori_arrival_maze, layout_basic, serial_bayou, serial_bayou_pond_a,
          serial_bayou_lagoon_a, serial_bayou_pond_d, serial_bayou_crossing
D:2:      layout_rooms
D:3:      minmay_diamond_boxcup, layout_loops_corners,
          nemelex_xobeh_ov_fountains_minmay, elyvilon_altar_5, first_ration,
          gammafunk_ghost_split, lightli_corner_chamber
D:4:      layout_basic, st_stairs_7, wad_orctagon
D:5:      layout_gridville, lemuel_crystal_altar, basic_altar
D:6:      layout_cave_pools, grunt_dithmenos_shadows,
          minmay_temple_entry_large_hall, uniq_eustachio

Skill      XL: |  1  2  3  4  5  6  7 |
---------------+----------------------+-----
Axes           | 2 3 4 5 |  5.5
Shields        | 3 4 |  4.0
Armour         | 3 4 |  4.3
Dodging        | 1 2 |  2.0
Throwing       | 1 |  1.4
Fighting       | 4 |  4.6
Stealth        | |  0.6
Evocations     | |  0.9

Action                   |  1- 3 |  4- 6 |  7- 9 || total
-------------------------+-------+-------+-------++-------
Melee: War axe           |   124 |   139 |    91 ||   354
Throw: Boomerang         |       |    13 |    18 ||    31
Evoke: Wand              |       |     2 |     1 ||     3
  Use: Scroll            |       |    10 |       ||    10
       Potion            |       |     3 |     3 ||     6
 Stab: Paralysed         |       |     2 |       ||     2
  Eat: Chunk             |     2 |     8 |     1 ||    11
       Ration            |       |       |     1 ||     1
Armor: Scale mail        |    67 |    60 |    62 ||   189
       Skin              |       |     8 |       ||     8
Dodge: Dodged            |    28 |    38 |    64 ||   130
Block: Kite shield       |    65 |    69 |    71 ||   205
